 Dungeon Crawl Stone Soup version 0.29-a0-520-gc852659d43 (webtiles) character file.

Game seed: 11686468900390164638

74 CrazyBamboolord the Grave Robber (level 4, -9/30 HPs)
             Began as a Mummy Necromancer on May 31, 2022.
             Mangled by Crazy Yiuf
             ... wielding a +4 quarterstaff of chaos
              (13 damage)
             ... on level 2 of the Dungeon.
             The game lasted 00:04:19 (1688 turns).

CrazyBamboolord the Grave Robber (MuNe)             Turns: 1688, Time: 00:04:20

Health: -9/30      AC:  2    Str:  7    XL:     4   Next: 10%
Magic:  4/9        EV: 12    Int: 16    God:
Gold:   91         SH:  0    Dex: 12    Spells: 2/10 levels left

rFire   x . .      SeeInvis .   g - +7 mace of Disorder {protect, rPois rCorr Str-4}
rCold   + . .      Faith    .   (no shield)
rNeg    + + +      Spirit   .   a - +0 robe
rPois   ∞          Reflect  .   (no helmet)
rElec   .          Harm     .   (no cloak)
rCorr   +          Rampage  .   (no gloves)
Will    .....                   (no boots)
Stlth   ++........              (no amulet)
HPRegen 0.10/turn               c - ring of resist corrosion
MPRegen 0.11/turn               (no ring)

@: no status effects
A: cold resistance 1, negative energy resistance 3, torment resistance 2, heat
vulnerability 1, in touch with death 1, no potions
a: no special abilities


You were on level 2 of the Dungeon.
You visited 1 branch of the dungeon, and saw 2 of its levels.

You collected 91 gold pieces.

Inventory:

Hand Weapons
 g - the +7 mace of Disorder (weapon) {protect, rPois rCorr Str-4}
   (You found it on level 2 of the Dungeon)

   It grants its wielder temporary protection when it strikes (+7 to AC).
   Str:       It affects your strength (-4).
   rPois:     It protects you from poison.
   rCorr:     It protects you from acid and corrosion.
Armour
 a - a +0 robe (worn)
Jewellery
 c - a ring of resist corrosion (left hand)
Scrolls
 b - a scroll of enchant weapon {unknown}
 d - 2 scrolls of identify {unknown}
 e - a scroll of immolation {unknown}
 f - a scroll of magic mapping {unknown}


   Skills:
 * Level 1.9 Dodging
 + Level 1.7 Stealth
 * Level 3.9 Spellcasting
 * Level 4.8 Necromancy


You had 2 spell levels left.
You knew the following spells:

 Your Spells              Type           Power      Damage    Failure   Level
a - Necrotize             Necr           100%       1d9       2%          1
b - Vampiric Draining     Necr           28%        2d8       7%          3
c - Animate Dead          Necr           28%        N/A       22%         4

Your spell library contained the following spells:

 Spells                   Type           Power      Damage    Failure   Level
 Slow                     Hex            12%        N/A       17%         1
 Confusing Touch          Hex            3%         N/A       45%         3
 Agony                    Necr           28%        N/A       54%         5


Dungeon Overview and Level Annotations

Branches:
Dungeon (2/15)

Altars:

Annotations:
D:2 Crazy Yiuf


Innate Abilities, Weirdness & Mutations

You are immune to poison.
Your flesh is cold resistant. (rC+)
You are immune to negative energy. (rN+++)
You are immune to unholy pain and torment.
You are vulnerable to heat. (rF-)
You are in touch with the powers of death.
You do not drink.


Message History

You can't get through.
Okay, then.
You open the door.
Casting: Necrotize (safe; 2% risk of failure)
Confirm with . or Enter, or press ? or * to list all spells.
Aiming: Necrotize (safe; 2% risk of failure)
Press: ? - help, Shift-Dir - straight line, f - Crazy Yiuf
Aim: Crazy Yiuf, wielding a +4 quarterstaff of chaos and wearing a +2 cloak of preservation (chance to affect: 88%)
You feel a surge of power!
Crazy Yiuf writhes in agony.
Aiming: Necrotize (safe; 2% risk of failure)
Press: ? - help, Q - select action Shift-Dir - straight line, f/p - Crazy Yiuf
Aim: Crazy Yiuf, wielding a +4 quarterstaff of chaos and wearing a +2 cloak of preservation (lightly wounded, chance to affect: 88%)
You feel a surge of power!
Crazy Yiuf writhes in agony!
Crazy Yiuf says, "Ten shoe shrimp!"
Crazy Yiuf hits you with a +4 quarterstaff of chaos!
You are electrocuted!
* * * LOW HITPOINT WARNING * * *
You see here a +0 mace.
You see here a +0 mace.
Crazy Yiuf attacks as you move away!
Crazy Yiuf hits you with a +4 quarterstaff of chaos.
* * * LOW HITPOINT WARNING * * *
Crazy Yiuf burns you.
* * * LOW HITPOINT WARNING * * *
Crazy Yiuf says, "Crazy?
Crazy!?
PORCUPINE!"
Casting: Necrotize (safe; 2% risk of failure)
Confirm with . or Enter, or press ? or * to list all spells.
The spell is quite dangerous to miscast (7% risk of failure)!
Continue anyway?
Okay, then.
Casting: Vampiric Draining (quite dangerous; 7% risk of failure)
Confirm with . or Enter, or press ? or * to list all spells.
The spell is quite dangerous to miscast (7% risk of failure)!
Continue anyway?
Aiming: Vampiric Draining (quite dangerous; 7% risk of failure)
Press: ? - help, Shift-Dir - straight line, f/p - Crazy Yiuf
Aim: Crazy Yiuf, wielding a +4 quarterstaff of chaos and wearing a +2 cloak of preservation (heavily wounded)
You feel a surge of power!
You draw life force from Crazy Yiuf.
You feel life coursing into your body.
Crazy Yiuf whimpers, "Island!"
Crazy Yiuf hits you with a +4 quarterstaff of chaos!
You die...

# ##### ############ #).)#
...........# #)))# ###........#
))) ###........# #'# ..'........#
♣♣)♣ ###........# ♣)♣♣ #
#........### ♣♣g♣ ####<........#
♣@♣♣ ##....#####.## ♣♣)♣♣
##....#...#.## ♣)..♣♣
.'...........# ♣....♣
##....#.#....# #+..+# #
..###.#.##..####....#### #.######
......#.....#....................
...>.............................
#..................#.#####......#


You could see Crazy Yiuf.

Vanquished Creatures
  Jessica (D:2)
  An adder (D:2)
  A worm (D:2)
  2 dart slugs (D:1)
  2 ball pythons (D:1)
  4 bats
  3 endoplasms (D:1)
  3 giant cockroaches
  5 goblins
  3 hobgoblins
  2 frilled lizards (D:1)
  A kobold (D:1)
  3 rats
31 creatures vanquished.

Notes
Turn   | Place    | Note
-------+----------+-------------------------------------------
     0 | D:1      | CrazyBamboolord the Mummy Necromancer began the quest for
                  | the Orb.
     0 | D:1      | Reached XP level 1. HP: 13/13 MP: 4/4
   488 | D:1      | Reached XP level 2. HP: 19/19 MP: 3/5
   489 | D:1      | Found a faded altar of an unknown god.
  1130 | D:1      | Gained mutation: You are in touch with the powers of death.
                  | [Mummy growth]
  1130 | D:1      | Reached XP level 3. HP: 24/24 MP: 2/7
  1220 | D:1      | Learned a level 3 spell: Vampiric Draining
  1384 | D:2      | Noticed Jessica
  1392 | D:2      | Killed Jessica
  1481 | D:2      | Reached XP level 4. HP: 30/30 MP: 3/9
  1553 | D:2      | Learned a level 4 spell: Animate Dead
  1674 | D:2      | Found a runed translucent door.
  1674 | D:2      | Identified the +7 mace of Disorder {protect, rPois rCorr
                  | Str-4}
  1675 | D:2      | Noticed Crazy Yiuf
  1687 | D:2      | HP: 1/30 [Crazy Yiuf/+4 quarterstaff of chaos (1)]
  1688 | D:2      | Mangled by Crazy Yiuf

Illustrated notes

Levels and vault maps discovered:
D:1:      dpeg_arrival_short_road, layout_basic,
          shapermc_ecumenical_altar_acropolis
D:2:      layout_basic, serial_shops, nicolae_shop_window_shopping,
          serial_rivers, chequers_serial_rivers_micro_d,
          chequers_serial_rivers_room_b, chequers_serial_rivers_room_a,
          chequers_serial_rivers_marsh, chequers_serial_rivers_room_a,
          chequers_serial_rivers_micro_c, uniq_jessica, uniq_crazy_yiuf_cottage

Skill      XL: |  1  2 |
---------------+-------+-----
Spellcasting   | 3 |  3.9
Dodging        | |  1.9
Stealth        | |  1.7
Necromancy     | |  4.8

Action                   |  1- 3 |  4- 6 || total
-------------------------+-------+-------++-------
Melee: Unarmed           |    24 |       ||    24
 Cast: Necrotize         |    56 |     4 ||    60
       Vampiric Draining |       |     1 ||     1
Armor: Robe              |    12 |       ||    12
Dodge: Dodged            |    21 |       ||    21

Table legend: (Time is in decaauts)
 A = Elapsed time spent in this place.
 B = Non-inter-level travel time spent in this place.
 C = Inter-level travel time spent in this place.
 D = Time resting spent in this place.
 E = Time spent auto-exploring this place.
 F = Levels seen in this place.
 G = Mean time per level.
                   A        B        C        D        E       F      G
               +--------+--------+--------+--------+--------+-----+--------+
         Total |   1686 |   1657 |     29 |    342 |   1089 |   2 |  843.0 |
       Dungeon |   1686 |   1657 |     29 |    342 |   1089 |   2 |  843.0 |
               +--------+--------+--------+--------+--------+-----+--------+

Top non-repeatable levels by time:
     D:1: 1248 daAuts
     D:2: 438 daAuts
